 Dungeon Crawl Stone Soup version 0.23-a0-696-gf95311e5ea (webtiles) character file.

1894 Brecoman the Transmogrifier (level 8, -8/63 HPs)
             Began as a Red Draconian Transmuter on Jan 12, 2019.
             Was a Follower of Uskayaw.
             Mangled by a hornet zombie (12 damage)
             ... on level 7 of the Dungeon.
             The game lasted 00:31:57 (8617 turns).

Brecoman the Transmogrifier (DrTm)                  Turns: 8617, Time: 00:31:57

Health: -8/63      AC:  9    Str: 12    XL:     8   Next: 93%
Magic:  3/11       EV: 12    Int: 16    God:    Uskayaw [*.....]
Gold:   202        SH:  0    Dex: 12    Spells: 1/11 levels left

rFire    + . .     SeeInvis .   o - +2 dagger (venom)
rCold    . . .     Gourm    .   (no shield)
rNeg     . . .     Faith    .   (armour unavailable)
rPois    .         Spirit   .   (helmet restricted)
rElec    .         Reflect  .   B - +0 cloak
rCorr    .         Harm     .   u - +1 pair of gloves
MR       .....                  (no boots)
Stlth    +.........             (no amulet)
HPRegen  0.20/turn              (no ring)
MPRegen  0.12/turn              (no ring)

@: no status effects
A: breathe fire, unfitting armour, fire resistance 1, cold-blooded, AC +6
a: Breathe Fire, Stomp, Renounce Religion


You were on level 7 of the Dungeon.
You worshipped Uskayaw.
Uskayaw was noncommittal.
You were not hungry.

You visited 2 branches of the dungeon, and saw 8 of its levels.
You also visited: Sewer.

You collected 384 gold pieces.
You spent 182 gold pieces at shops.

Inventory:

Hand Weapons
 o - a +2 dagger of venom (weapon)
 t - the +9 flail of Regicide {speed, +Rage rElec rN+ Int-2 Dex-5}
   (You found it on level 6 of the Dungeon)

   Attacks with this weapon are significantly faster.
   It affects your intelligence (-2).
   It affects your dexterity (-5).
   It insulates you from electricity.
   It protects you from negative energy.
   It lets you go berserk.
Missiles
 a - 124 arrows
 i - 214 stones (quivered)
Armour
 u - a +1 pair of gloves (worn)
 B - a +0 cloak (worn)
Jewellery
 g - a +4 ring of strength {unknown}
 j - an uncursed ring of fire {unknown}
 l - an uncursed amulet of rage {unknown}
 y - a +4 ring of protection {unknown}
Wands
 v - a wand of polymorph (8)
Scrolls
 b - a scroll of amnesia
 f - a scroll of noise
 h - 2 scrolls of identify
 k - a scroll of enchant armour
 m - a scroll of magic mapping
 w - 4 scrolls of teleportation
 x - 2 scrolls of fog
Potions
 d - 2 potions of brilliance
 e - 4 potions of magic
 n - 3 potions of agility {unknown}
 p - a potion of lignification
 q - a potion of berserk rage
 r - 3 potions of might
 s - 6 potions of curing
 z - 2 potions of haste
 A - 2 potions of heal wounds
 C - a potion of mutation {unknown}
Comestibles
 c - 6 rations


   Skills:
 + Level 3.3 Fighting
 - Level 1.7 Dodging
 - Level 8.0 Unarmed Combat
 - Level 2.0 Spellcasting
 + Level 2.4 Charms
 + Level 8.1 Transmutations


You had one spell level left.
You knew the following spells:

 Your Spells              Type           Power        Failure   Level  Hunger
a - Beastly Appendage     Tmut           ####..       1%          1    #......
b - Sticks to Snakes      Tmut           ####....     1%          2    ###....
c - Blade Hands           Tmut           ####......   21%         5    ######.
d - Song of Slaying       Chrm           #.......     12%         2    ###....

Your spell library contained the following spells:

 Spells                   Type           Power        Failure   Level  Hunger
 Infusion                 Chrm           #...         8%          1    #......
 Spider Form              Tmut/Pois      ##........   12%         3    ###....
 Shroud of Golubria       Chrm/Tloc      #.........   19%         2    ###....
 Regeneration             Chrm/Necr      #.........   36%         3    ###....
 Spectral Weapon          Hex/Chrm       #.......     36%         3    ###....
 Ice Form                 Ice/Tmut       ##......     36%         4    #####..


Dungeon Overview and Level Annotations

Branches:
Dungeon (7/15)             Temple (1/1) D:5

Altars:
Ashenzari
Cheibriados
Dithmenos
Elyvilon
Fedhas
Gozag
Hepliaklqana
Kikubaaqudgha
Makhleb
Nemelex Xobeh
Okawaru
Ru
Sif Muna
Trog
Uskayaw
Wu Jian
Xom
Yredelemnul
Zin
The Shining One

Shops:
D:4 :   D:6 !

Annotations:
D:7 2 transporters, hemabe's ghost, novice HuAr


Innate Abilities, Weirdness & Mutations

You can breathe blasts of fire.
Your fiery red scales are hard. (AC +6)
You cannot fit into any form of body armour.
Your flesh is heat resistant. (rF+)
You are cold-blooded and may be slowed by cold attacks.


Message History

You closely miss the hornet zombie.
The hornet zombie is almost destroyed.
The hornet zombie hits you.
You hit the hornet zombie.
The hornet zombie is almost destroyed.
The hornet zombie barely misses you.
The hornet zombie completely misses you.
You hit the hornet zombie but do no damage.
The hornet zombie is almost destroyed.
The hornet zombie barely misses you.
You barely miss the hornet zombie.
The hornet zombie is almost destroyed.
The hornet zombie hits you!
* * * LOW HITPOINT WARNING * * *
Casting: Sticks to Snakes (safe; 1% risk of failure)
Confirm with . or Enter, or press ? or * to list all spells.
You create a snake!
You now have 124 arrows.
The hornet zombie hits you!
* * * LOW HITPOINT WARNING * * *
The hornet zombie hits you!
You die...

##%yyyy#####..#
%.#yy.#.y.###.#
#.)###..#yW##.# ..#
.#...###.#############
##. .###
#...#...........
###....##########
..##.##.# .. ...#
#.##Z# ##.. .###
..##@# # #$....S....#
...####.###...# # ###
#.# ## #.# #.# #.# ..#


You could see a hornet zombie and a friendly ball python.

Vanquished Creatures
  A water moccasin (D:7)
  A sky beast (D:5)
  A black bear (D:7)
  A phantom (D:6)
  3 ogres
  A scorpion (D:5)
  5 howler monkeys
  4 crimson imps
  2 orc priests (D:5)
  A bullfrog zombie (D:6)
  2 jellies (D:7)
  2 hounds
  3 iron imps (D:6)
  Jessica (D:2)
  2 iguanas
  5 worker ants
  Robin (D:2)
  5 adders
  3 gnolls (D:3)
  An ooze (D:2)
  2 adder skeletons (D:5)
  An adder zombie (D:5)
  4 worms
  A dart slug (D:3)
  4 leopard geckos
  17 orcs
  5 giant cockroaches
  10 hobgoblins
  10 jackals
  10 kobolds
  2 quokkas
  6 ball pythons
  13 bats
  2 frilled lizards (Sewer)
  12 goblins
  A jackal zombie (D:6)
  11 rats
  3 plants (Sewer)
159 creatures vanquished.

Vanquished Creatures (collateral kills)
  Sigmund (D:3)
  Purgy (D:4)
  An adder (D:2)
  A worm (D:2)
  An orc (D:7)
  A hobgoblin (D:2)
  A jackal (Sewer)
  A kobold (Sewer)
8 creatures vanquished.

Vanquished Creatures (others)
  A howler monkey zombie (D:5)
  A plant (Sewer)
2 creatures vanquished.

Grand Total: 169 creatures vanquished

Notes
Turn   | Place    | Note
-------+----------+-------------------------------------------
     0 | D:1      | Brecoman the Draconian Transmuter began the quest for the
                  | Orb.
     0 | D:1      | Reached XP level 1. HP: 16/16 MP: 3/3
   192 | D:1      | Reached XP level 2. HP: 23/23 MP: 3/5
   204 | D:1      | Learned a level 2 spell: Sticks to Snakes
   712 | D:2      | Found a deep blue altar of Sif Muna.
   848 | D:2      | Reached XP level 3. HP: 28/28 MP: 2/6
   866 | D:2      | Noticed Jessica
   889 | D:2      | Killed Jessica
   889 | D:2      | Reached XP level 4. HP: 5/35 MP: 3/7
   892 | D:2      | HP: 1/35 [adder (3)]
   897 | D:2      | Noticed Robin
  1317 | D:2      | Killed Robin
  2086 | D:3      | Noticed Sigmund
  2138 | D:3      | Found an iron altar of Okawaru.
  2153 | D:3      | Killed Sigmund
  2153 | D:3      | Reached XP level 5. HP: 6/40 MP: 4/8
  2307 | D:3      | Reached skill level 5 in Unarmed Combat
  2714 | D:3      | Learned a level 5 spell: Blade Hands
  3071 | D:4      | Noticed Purgy
  3072 | D:4      | Found a glowing drain.
  3087 | D:4      | Killed Purgy
  3087 | D:4      | Reached XP level 6. HP: 31/47 MP: 3/9
  3223 | Sewer    | Entered a sewer
  3813 | Sewer    | Reached skill level 5 in Transmutations
  4312 | D:4      | Found Onluev's Book Boutique.
  4708 | D:4      | Your scales start taking on a fiery red colour.
  4708 | D:4      | Reached XP level 7. HP: 16/52 MP: 10/10
  4708 | D:4      | Gained mutation: Your flesh is heat resistant. (rF+) [Red
                  | Draconian growth]
  4940 | D:4      | Found a blossoming altar of Fedhas.
  5228 | D:5      | Entered Level 5 of the Dungeon
  5510 | D:5      | Found a snail-covered altar of Cheibriados.
  5687 | D:5      | Found a staircase to the Ecumenical Temple.
  5698 | Temple   | Entered the Ecumenical Temple
  5745 | Temple   | Became a worshipper of Uskayaw the Reveler
  5765 | D:5      | Reached * piety under Uskayaw
  5784 | D:5      | Reached ** piety under Uskayaw
  5819 | D:5      | Reached XP level 8. HP: 17/59 MP: 9/11
  5821 | D:5      | Reached *** piety under Uskayaw
  5942 | D:5      | Found a sand-covered staircase.
  6922 | D:6      | Learned a level 2 spell: Song of Slaying
  7058 | D:6      | Found a burning altar of Makhleb.
  7099 | D:6      | Reached skill level 1 in Charms
  7187 | D:6      | Got a pitted flail
  7188 | D:6      | Identified the +9 flail of Regicide {speed, +Rage rElec rN+
                  | Int-2 Dex-5} (You found it on level 6 of the Dungeon)
  7746 | D:6      | Found Iplyam's Distillery.
  7753 | D:6      | Bought 2 potions of heal wounds for 140 gold pieces
  7753 | D:6      | Bought a potion of curing for 42 gold pieces
  7834 | D:7      | Reached **** piety under Uskayaw
  7837 | D:7      | Reached ***** piety under Uskayaw
  8559 | D:7      | Found a transporter.
  8564 | D:7      | Found a transporter.
  8564 | D:7      | Noticed hemabe's ghost (novice HuAr)
  8565 | D:7      | Noticed a hornet
  8617 | D:7      | Mangled by a hornet zombie

Vault maps used:
D:1:      minmay_arrival_stair_chambers
D:2:      led_sif_pool, uniq_robin, uniq_jessica
D:3:      okawaru_ov_weapons_minmay, uniq_sigmund
D:4:      fedhas_altar_fruit_tree, first_ration, cheibrodos_sewer_entry_bend,
          serial_shops, shop, chequers_serial_rivers_small_a, uniq_purgy
D:5:      overflow_temple_1_default, minmay_temple_entry_offerings,
          lightli_ossuary_entry_decrepit_ruins, grunt_ministairs_13,
          eino_small_chamber_without_monster
D:6:      demons_altar, serial_shops, shop
D:7:      gammafunk_ghost_hive, the_bakery
Temple:   compressed_dpeg_circular_temple
Sewer:    sewer_co_scattered_pipes

Skill      XL: |  1  2  3  4  5  6  7  8 |
---------------+-------------------------+-----
Transmutations | 3 4 5 6 8 |  8.1
Unarmed Combat | 4 5 6 7 8 |  8.0
Charms         | 2 |  2.4
Fighting       | 3 |  3.3
Dodging        | |  1.7
Spellcasting   | |  2.0

Action                   |  1- 3 |  4- 6 |  7- 9 || total
-------------------------+-------+-------+-------++-------
Melee: Unarmed           |    92 |    48 |       ||   140
       Tailslap          |     8 |    32 |    43 ||    83
       Headbutt          |     2 |       |       ||     2
       Kick              |     5 |     6 |    14 ||    25
       Dagger            |       |   260 |   349 ||   609
       Punch             |       |     5 |    11 ||    16
Throw: Stone             |       |       |     4 ||     4
 Cast: Beastly Appendage |    18 |     5 |     3 ||    26
       Sticks to Snakes  |     1 |    11 |     7 ||    19
       Song of Slaying   |       |       |     2 ||     2
Invok: Line Pass         |       |       |     1 ||     1
  Use: Potion            |       |     2 |     3 ||     5
       Scroll            |       |     2 |    16 ||    18
 Stab: Sleeping          |       |     1 |     2 ||     3
       Confused          |       |       |     1 ||     1
       Paralysed         |       |       |     2 ||     2
  Eat: Chunk             |       |    14 |     2 ||    16
       Ration            |       |       |     4 ||     4
Armor: Skin              |    33 |    97 |   111 ||   241
Dodge: Dodged            |    83 |   177 |   244 ||   504

Table legend:
 A = Non-vault XP
 B = Vault XP
 C = Vault XP percentage of total XP
 D = Non-vault monster count
 E = Vault monster count
 F = Vault count percentage of total count
                 A         B        C        D         E       F
            +---------+---------+-------+---------+---------+-------
      Total |    2136 |     571 |  21.1 |     120 |      45 |  27.3
            +---------+---------+-------+---------+---------+-------
        D:1 |      28 |       1 |   3.4 |      18 |       1 |   5.3
        D:2 |      66 |      73 |  52.5 |      20 |      13 |  39.4
        D:3 |      94 |     104 |  52.5 |      22 |       1 |   4.3
        D:4 |     262 |     120 |  31.4 |       7 |       4 |  36.4
        D:5 |     733 |     118 |  13.9 |      27 |       1 |   3.6
        D:6 |     540 |     122 |  18.4 |      14 |       3 |  17.6
        D:7 |     413 |       0 |   0.0 |      12 |       0 |   0.0
      Sewer |       0 |      33 | 100.0 |       0 |      22 | 100.0
            +---------+---------+-------+---------+---------+-------
